 Dungeon Crawl Stone Soup version 0.31-a0-232-gb1c03b2570 (webtiles) character file.

Game seed: 959116352509011787

240 Newt the Shooter (level 6, -11/40 HPs)
             Began as a Kobold Hunter on July 7, 2023.
             Killed by divine providence
             ... invoked by an orc priest
              (15 damage)
             ... on level 4 of the Dungeon.
             The game lasted 00:02:32 (2237 turns).

Newt the Shooter (Kobold Hunter)                    Turns: 2237, Time: 00:02:33

Health: -11/40     AC:  3    Str:  8    XL:     6   Next: 29%
Magic:  6/6        EV: 14    Int: 10    God:
Gold:   116        SH:  0    Dex: 21    Spells: 5/5 levels left

rFire   . . .        d - +2 dagger (venom)
rCold   . . .        (no shield)
rNeg    . . .        c - +0 leather armour
rPois   .            (no helmet)
rElec   .            (no cloak)
rCorr   .            (no gloves)
SInv    .            (no boots)
Will    .....        h - amulet of regeneration
Stlth   +++          (no ring)
HPRegen 1.06/turn    (no ring)
MPRegen 0.10/turn

%: no passive effects
@: no status effects
A: small, no large weapons, nightstalker 3
a: no special abilities


You were on level 4 of the Dungeon.
You visited 1 branch of the dungeon, and saw 4 of its levels.

You collected 216 gold pieces.
You spent 100 gold pieces at shops.

Inventory:

Hand Weapons
 a - a +0 shortbow
 d - a +2 dagger of venom (weapon)
Armour
 c - a +0 leather armour (worn)
 e - an orb of mayhem
Jewellery
 h - an amulet of regeneration (around neck)
Scrolls
 b - a scroll of butterflies
 g - a scroll of summoning
 k - a scroll of enchant armour
 l - a scroll of teleportation
 m - a scroll of fear
Potions
 f - a potion of curing
 i - a potion of brilliance
 n - a potion of resistance
 o - a potion of mutation
 p - a potion of lignification


   Skills:
 - Level 5.0 Fighting
 + Level 5.2 Short Blades
 - Level 5.3 Ranged Weapons
 - Level 2.4 Dodging
 - Level 1.3 Stealth


You had 5 spell levels left.
You didn't know any spells.
Your spell library contained the following spells:

 Spells                   Type           Power      Damage    Failure   Level
 Summon Small Mammal      Summ           0%         N/A       50%         1
 Lesser Beckoning         Tloc           0%         N/A       63%         2
 Call Canine Familiar     Summ           0%         N/A       86%         3
 Dazzling Flash           Conj/Hex       0%         N/A       86%         3
 Summon Guardian Golem    Hex/Summ       0%         N/A       86%         3
 Swiftness                Air            0%         N/A       86%         3
 Teleport Other           Tloc           0%         N/A       86%         3
 Volatile Blastmotes      Fire/Tloc      0%         2d10      86%         3
 Agony                    Necr           0%         N/A       100%        5
 Silence                  Hex/Air        0%         N/A       100%        5
 Plasma Beam              Fire/Air       0%         2x1d10    100%        6


Dungeon Overview and Level Annotations

Branches:
Dungeon (4/15)
 Temple: D:4-7

Altars:

Shops:
D:2 ?


Innate Abilities, Weirdness & Mutations

You are small and have problems with some larger weapons.
You are completely attuned to the shadows.


Message History

An orc comes into view. It is wielding a +0 flail.
The orc shouts!
You hear a shout! x2
An orc comes into view. It is wielding a +0 whip.
An orc priest comes into view. It is wielding a +0 club.
You hear a shout! x2
An orc priest comes into view. It is wielding a +0 hand axe.
The orc priest shouts!
An orc comes into view. It is wielding a +0 short sword.
You see here a +0 ring mail.
You hit the orc priest.
The orc priest is poisoned.
The orc priest is heavily wounded.
You hit the orc priest but do no damage.
The orc priest looks as sick as possible!
The orc priest is heavily wounded.
The orc priest hits you with a +0 club.
You closely miss the orc priest.
Unknown command.
You barely miss the orc priest. The orc priest barely misses you.
The orc hits you with a +0 flail.
The orc priest calls down the wrath of Beogh upon you.
Pain shoots through your body!
Unknown command.
You hit the orc priest.
The orc priest is poisoned.
The orc priest is moderately wounded.
The orc closely misses you.
An orc wizard comes into view. It is wielding a +0 dagger.
The orc priest calls down the wrath of Beogh upon you.
Pain shoots through your body!
Unknown command.
The orc wizard shouts!
You hit the orc.
The orc is lightly wounded.
The orc priest mumbles some strange prayers to Beogh against you.
Beogh smites you!
* * * LOW HITPOINT WARNING * * *
The orc hits you with a +0 flail.
* * * LOW HITPOINT WARNING * * *
The orc priest mumbles some strange prayers to Beogh against you.
Beogh smites you!
You die...

....)...+
#####...#
#...#
#...#
#...#
#.### #.#
###o##
....o@#
#####o#


#oo #..o #...# You could see 2 orc priests, an orc wizard and 3 orcs.

Vanquished Creatures
  A scorpion (D:3)
  Jessica (D:2)
  5 gnolls
  3 adders
  3 worms (D:2)
  A dart slug (D:1)
  4 orcs (D:3)
  10 ball pythons
  6 endoplasms
  4 giant cockroaches
  12 goblins
  3 hobgoblins
  3 quokkas
  2 bats
  2 frilled lizards
  3 kobolds
  7 rats
70 creatures vanquished.

Notes
Turn   | Place    | Note
-------+----------+-------------------------------------------
     0 | D:1      | Newt the Kobold Hunter began the quest for the Orb.
     0 | D:1      | Reached XP level 1. HP: 12/12 MP: 1/1
    45 | D:1      | Reached XP level 2. HP: 8/19 MP: 2/2
   328 | D:1      | Found a faded altar of an unknown god.
   402 | D:1      | Reached XP level 3. HP: 23/23 MP: 3/3
   936 | D:2      | Noticed Jessica
   940 | D:2      | Killed Jessica
   941 | D:2      | Reached XP level 4. HP: 30/30 MP: 4/4
  1043 | D:2      | Reached skill level 5 in Fighting
  1157 | D:2      | Reached skill level 1 in Short Blades
  1306 | D:2      | Reached XP level 5. HP: 35/35 MP: 5/5
  1599 | D:2      | Found Kefupp's Magic Scroll Emporium.
  1612 | D:2      | Bought a scroll of identify for 20 gold pieces
  1612 | D:2      | Bought a scroll of identify for 20 gold pieces
  1612 | D:2      | Bought a scroll of identify for 20 gold pieces
  1612 | D:2      | Bought a scroll of fear for 40 gold pieces
  1810 | D:3      | HP: 1/35 [poisoned by a scorpion]
  1998 | D:3      | Reached XP level 6. HP: 40/40 MP: 6/6
  2039 | D:3      | Reached skill level 5 in Short Blades
  2138 | D:3      | Got the Information on Topological Vapour
  2237 | D:4      | Killed from afar by an orc priest

Illustrated notes

Levels and vault maps discovered:
D:1:      minmay_arrival_shattered_statue, layout_loops_cross,
          hellmonk_ecumenical_altar_heavens_door, nicolae_grassy_gnolls
D:2:      layout_loops_ring, serial_shops, nicolae_shop_advertising_works
          [nicolae_subvault_shop_adworks], minmay_pentomino_p4, uniq_jessica
D:3:      layout_basic
D:4:      layout_basic, serial_co_window_serial, co_window_corner_a,
          co_window_of_opportunity_a, co_window_of_opportunity_a,
          co_window_of_opportunity_a, co_window_of_opportunity_a,
          co_window_broadway_c, co_window_broadway_b, co_window_broadway_b,
          glass_columns_b

Skill      XL: |  1  2  3  4  5  6 |
---------------+-------------------+-----
Fighting       | 3 4 5 |  5.0
Short Blades   | 1 4 5 |  5.2
Ranged Weapons | |  5.3
Dodging        | |  2.4
Stealth        | |  1.3

Action                     |  1- 3 |  4- 6 || total
---------------------------+-------+-------++-------
  Melee: Dagger            |    35 |   117 ||   152
   Fire: Shortbow          |    15 |       ||    15
    Use: Potion            |     1 |       ||     1
         Scroll            |     3 |     7 ||    10
   Stab: Sleeping          |    11 |    13 ||    24
         Distracted        |       |     1 ||     1
 Armour: Leather armour    |     2 |    11 ||    13
  Dodge: Dodged            |    20 |    86 ||   106

Table legend: (Time is in decaauts)
 A = Elapsed time spent in this place.
 B = Non-inter-level travel time spent in this place.
 C = Inter-level travel time spent in this place.
 D = Time resting spent in this place.
 E = Time spent auto-exploring this place.
 F = Levels seen in this place.
 G = Mean time per level.
                   A        B        C        D        E       F      G
               +--------+--------+--------+--------+--------+-----+--------+
         Total |   2222 |   2176 |     46 |    227 |   1527 |   4 |  555.5 |
       Dungeon |   2222 |   2176 |     46 |    227 |   1527 |   4 |  555.5 |
               +--------+--------+--------+--------+--------+-----+--------+

Top non-repeatable levels by time:
     D:1: 885 daAuts
     D:2: 759 daAuts
     D:3: 554 daAuts
     D:4: 23 daAuts
